 Dungeon Crawl Stone Soup version 0.29.1-12-g30fa7ad0bf (webtiles) character file.

Game seed: 13292325129959848997

125 Hrothgar the Chopper (level 5, -8/44 (47) HPs)
             Began as a Gnoll Chaos Knight on Jan 4, 2023.
             Was a Plaything of Xom.
             Killed by divine providence
             ... invoked by an orc priest
              (13 damage)
             ... on level 3 of the Dungeon.
             The game lasted 00:05:06 (1136 turns).

Hrothgar the Chopper (Gnoll Chaos Knight)           Turns: 1136, Time: 00:05:06

HP:   -8/44 (47)    AC:  7    Str: 14    XL:     5   Next: 9%
MP:   5/7           EV: 12    Int: 11    God:    Xom [...*..]
Gold: 104           SH:  5    Dex: 11    Spells: 6/6 levels left

rFire   . . .      SeeInvis .   a - +1 hand axe (chaos)
rCold   . . .      Faith    .   (no shield)
rNeg    . . .      Spirit   .   b - +2 leather armour
rPois   .          Reflect  +   i - +1 helmet
rElec   .          Harm     .   (no cloak)
rCorr   .          Rampage  .   (no gloves)
Will    .....                   (no boots)
Stlth   +.........              h - amulet of reflection
HPRegen 0.14/turn               (no ring)
MPRegen 0.10/turn               (no ring)

@: drained
A: fangs 1, strong nose, distributed training
a: Renounce Religion


You were on level 3 of the Dungeon.
You worshipped Xom.
You were a favourite toy of Xom.
You visited 1 branch of the dungeon, and saw 3 of its levels.

You collected 104 gold pieces.

Inventory:

Hand Weapons
 a - a +1 hand axe of chaos (weapon)
Armour
 b - a +2 leather armour (worn)
 i - a +1 helmet (worn)
Jewellery
 h - an amulet of reflection (around neck)
 m - an amulet of the acrobat
Scrolls
 j - 2 scrolls of butterflies {unknown}
 n - 2 scrolls of magic mapping {unknown}
Potions
 f - a potion of brilliance {unknown}
 g - 5 potions of attraction
Miscellaneous
 c - a piece from Xom's chessboard (15/15) (quivered)


   Skills:
 + Level 6.6 Fighting
 + Level 1.4 Short Blades
 + Level 1.4 Long Blades
 + Level 6.6 Axes
 + Level 1.4 Maces & Flails
 + Level 1.4 Polearms
 + Level 1.4 Staves
 + Level 1.4 Ranged Weapons
 + Level 1.4 Throwing
 + Level 4.7 Armour
 + Level 2.9 Dodging
 + Level 1.4 Stealth
 + Level 1.4 Shields
 + Level 1.4 Unarmed Combat
 + Level 1.4 Spellcasting
 + Level 1.1 Conjurations
 + Level 1.1 Hexes
 + Level 1.1 Summonings
 + Level 1.1 Necromancy
 + Level 1.1 Translocations
 + Level 1.1 Transmutations
 + Level 1.1 Fire Magic
 + Level 1.1 Ice Magic
 + Level 1.1 Air Magic
 + Level 1.1 Earth Magic
 + Level 1.1 Poison Magic
 + Level 1.5 Invocations
 + Level 1.4 Evocations


You had 6 spell levels left.
You didn't know any spells.
Your spell library was empty.

Dungeon Overview and Level Annotations

Branches:
Dungeon (3/15)

Altars:


Innate Abilities, Weirdness & Mutations

You have very sharp teeth.
Your uncanny sense of smell can sniff out nearby items.
Your experience applies equally to all skills.


Message History

You hit the orc priest but do no damage.
The orc priest suddenly seems more agile.
You barely miss the bat. You block the bat's attack. x2
The orc barely misses you.
The orc priest hits you but does no damage.
You feel drained. The bat hits you but does no damage.
The orc barely misses you.
The orc priest mumbles some strange prayers to Beogh against you.
You barely resist. The bat barely misses you.
You hit the orc but do no damage.
The orc is poisoned.
You bite the orc, but do no damage.
You hit the orc priest but do no damage.
You barely miss the bat. The bat barely misses you. The orc barely misses you.
The orc hits you from afar with a +0 trident.
The orc priest calls down the wrath of Beogh upon you.
Beogh smites you! The bat hits you but does no damage.
The orc hits you with a +0 flail. You block the orc's attack.
The orc priest hits you with a +1 short sword of draining.
* * * LOW HITPOINT WARNING * * *
You feel drained.
* * * LOW HITPOINT WARNING * * *
You closely miss the orc priest. Your bite misses the orc priest.
You hit the orc but do no damage.
The orc resists with some effort.
The bat barely misses you. The orc closely misses you.
The orc hits you from afar with a +0 trident.
* * * LOW HITPOINT WARNING * * *
The orc priest barely misses you.
Unknown command.
Unknown command.
You barely miss the orc priest. You hit the orc but do no damage.
Space warps around the orc.
You kill the orc!
The bat barely misses you.
The orc hits you from afar with a +0 trident.
* * * LOW HITPOINT WARNING * * *
The orc priest calls down the wrath of Beogh upon you.
Beogh smites you!
You die...
Xom guffaws!

##########
#........#
#........#
#........#
.####........#
.....>.o.....#
..##........#
#∆ ###@....##
#ob...#
#.....#
.......# ...
###......#
####..#
#......#
.#...###
.......#
....)..#
....#|...
....$.# #


You could see an orc priest (agile), an orc and a bat.

Vanquished Creatures
  A phantom (D:3)
  An adder (D:3)
  2 worms (D:2)
  3 dart slugs
  An orc (D:3)
  3 bats (D:1)
  4 endoplasms
  2 goblins (D:2)
  3 hobgoblins
  A quokka (D:2)
  3 ball pythons (D:2)
  2 frilled lizards (D:2)
  4 kobolds (D:2)
  4 rats
34 creatures vanquished.

Notes
Turn   | Place    | Note
-------+----------+-------------------------------------------
     0 | D:1      | Hrothgar the Gnoll Chaos Knight began the quest for the
                  | Orb.
     0 | D:1      | Reached XP level 1. HP: 23/23 MP: 1/1
   137 | D:1      | Reached XP level 2. HP: 28/29 MP: 2/2
   482 | D:2      | Reached XP level 3. HP: 19/35 MP: 3/3
   634 | D:2      | XOM: divination: detect items
   759 | D:2      | Reached skill level 1 in Invocations
   967 | D:3      | Noticed a phantom
   980 | D:3      | Reached skill level 1 in Short Blades
   980 | D:3      | Reached skill level 1 in Long Blades
   980 | D:3      | Reached skill level 1 in Maces & Flails
   980 | D:3      | Reached skill level 1 in Polearms
   980 | D:3      | Reached skill level 1 in Staves
   980 | D:3      | Reached skill level 1 in Ranged Weapons
   980 | D:3      | Reached skill level 1 in Throwing
   980 | D:3      | Reached skill level 1 in Stealth
   980 | D:3      | Reached skill level 1 in Shields
   980 | D:3      | Reached skill level 1 in Unarmed Combat
   980 | D:3      | Reached skill level 1 in Spellcasting
   980 | D:3      | Reached skill level 1 in Evocations
  1015 | D:3      | XOM: silly message
  1119 | D:3      | Killed a phantom
  1120 | D:3      | Reached skill level 1 in Conjurations
  1120 | D:3      | Reached skill level 1 in Hexes
  1120 | D:3      | Reached skill level 1 in Summonings
  1120 | D:3      | Reached skill level 1 in Necromancy
  1120 | D:3      | Reached skill level 1 in Translocations
  1120 | D:3      | Reached skill level 1 in Transmutations
  1120 | D:3      | Reached skill level 1 in Fire Magic
  1120 | D:3      | Reached skill level 1 in Ice Magic
  1120 | D:3      | Reached skill level 1 in Air Magic
  1120 | D:3      | Reached skill level 1 in Earth Magic
  1120 | D:3      | Reached skill level 1 in Poison Magic
  1120 | D:3      | Reached XP level 4. HP: 35/41 MP: 4/6
  1120 | D:3      | Reached XP level 5. HP: 40/47 MP: 4/7
  1136 | D:3      | Killed from afar by an orc priest

Illustrated notes

Levels and vault maps discovered:
D:1:      dpeg_arrival_three_same_balls, layout_loops_ring, minmay_pentomino_q4
D:2:      layout_rooms, grunt_ministairs_5, st_stairs_9,
          minmay_misc_feat_hallway
D:3:      layout_rooms, lemuel_crystal_altar, serial_shops,
          nicolae_shop_hallway_plus, ebering_ecumenical_altar_mist

Skill      XL: |  1  2  3 |
---------------+----------+-----
Invocations    | 1 |  1.5
Short Blades   | 1 |  1.4
Long Blades    | 1 |  1.4
Maces & Flails | 1 |  1.4
Polearms       | 1 |  1.4
Staves         | 1 |  1.4
Ranged Weapons | 1 |  1.4
Throwing       | 1 |  1.4
Stealth        | 1 |  1.4
Shields        | 1 |  1.4
Unarmed Combat | 1 |  1.4
Spellcasting   | 1 |  1.4
Evocations     | 1 |  1.4
Conjurations   | 1 |  1.1
Hexes          | 1 |  1.1
Summonings     | 1 |  1.1
Necromancy     | 1 |  1.1
Translocations | 1 |  1.1
Transmutations | 1 |  1.1
Fire Magic     | 1 |  1.1
Ice Magic      | 1 |  1.1
Air Magic      | 1 |  1.1
Earth Magic    | 1 |  1.1
Poison Magic   | 1 |  1.1
Fighting       | |  6.6
Axes           | |  6.6
Armour         | |  4.7
Dodging        | |  2.9

Action                   |  1- 3 |  4- 6 || total
-------------------------+-------+-------++-------
Melee: Hand axe          |    81 |     5 ||    86
       Bite              |     3 |     2 ||     5
       Punch             |     3 |       ||     3
Evoke: Piece from Xom's  |     3 |       ||     3
  Use: Scroll            |     7 |       ||     7
       Potion            |     2 |       ||     2
 Stab: Petrified         |     4 |       ||     4
Armor: Leather armour    |    60 |     8 ||    68
Dodge: Dodged            |    58 |    14 ||    72
Block: Other             |    12 |     6 ||    18
       Reflection        |     1 |       ||     1
